 Dungeon Crawl Stone Soup version 0.18-a0-750-g37044d6 (webtiles) character file.

270 4thArraOfDagon the Firebug (level 6, 0/32 HPs)
             Began as a Deep Elf Fire Elementalist on Dec 11, 2015.
             Slain by a sky beast (6 damage)
             ... on level 6 of the Dungeon.
             The game lasted 00:04:50 (740 turns).

4thArraOfDagon the Firebug (DEFE)                    Turns: 740, Time: 00:04:50

Health: 0/32       AC:  2    Str:  5    XL:     6   Next: 1%
Magic:  0/14       EV: 13    Int: 22    God:
Gold:   63         SH:  0    Dex: 15    Spells: 3 memorised, 5 levels left

rFire  . . .     SeeInvis .     e - +0 spear
rCold  . . .     Clarity  .     a - +0 robe
rNeg   . . .     SustAt   .     (no shield)
rPois  .         Gourm    .     (no helmet)
rElec  .         Spirit   .     (no cloak)
rCorr  .         Dismiss  .     (no gloves)
rMut   .         Stasis   .     (no boots)
MR     .....                    (no amulet)
Stlth  ++........               (no ring)
                                (no ring)

@: very slightly contaminated, not resistant to hostile enchantments, unstealthy
A: no striking features
a: no special abilities


You were on level 6 of the Dungeon.
You were hungry.

You visited 1 branch of the dungeon, and saw 6 of its levels.

You collected 63 gold pieces.

Inventory:

Hand Weapons
 e - a +0 spear (weapon)
Armour
 a - a +0 robe (worn)
Wands
 k - a wand of disintegration (3)
Scrolls
 f - a scroll of identify {unknown}
 g - 3 scrolls of remove curse
 l - a scroll of magic mapping {unknown}
 m - a scroll of random uselessness {unknown}
Potions
 j - a potion of heal wounds {unknown}
Books
 b - a book of Flames

   Spells                             Type                      Level
   a - Flame Tongue                   Conjuration/Fire             1
   b - Throw Flame                    Conjuration/Fire             2
   c - Conjure Flame                  Conjuration/Fire             3
   d - Inner Flame                    Hexes/Fire                   3
   e - Sticky Flame                   Conjuration/Fire             4
   f - Fireball                       Conjuration/Fire             5
Comestibles
 c - a bread ration
 d - a beef jerky


   Skills:
 - Level 2.4 Dodging
 - Level 2.4 Stealth
 + Level 4.2 Spellcasting
 * Level 4.3 Conjurations
 * Level 5.3 Fire Magic


You had 5 spell levels left.
You knew the following spells:

 Your Spells              Type           Power        Failure   Level  Hunger
a - Flame Tongue          Conj/Fire      ####.        1%          1    None
b - Sticky Flame          Conj/Fire      ####....     17%         4    ####...
c - Conjure Flame         Conj/Fire      ####....     6%          3    ##.....


Dungeon Overview and Level Annotations

Branches:
Dungeon (6/15)
 Temple: D:4-7

Altars:

Shops:
D:5 [

Annotations:
D:4 M4edhros's ghost, amateur OpAr


Message History

Confirm with . or Enter, or press ? or * to list all spells.
Aiming: Flame Tongue
Press: ? - help, Shift-Dir - straight line, f/p - sky beast
Aim: a sky beast (heavily wounded, covered in liquid flames)
The flame tongue hits the sky beast.
The sky beast is heavily wounded.
The sky beast burns!
The sky beast hits you but does no damage.
Unknown command.
Casting: Flame Tongue
Confirm with . or Enter, or press ? or * to list all spells.
Aiming: Flame Tongue
Press: ? - help, Shift-Dir - straight line, f/p - sky beast
Aim: a sky beast (heavily wounded, covered in liquid flames)
The flame tongue hits the sky beast.
The sky beast appears unharmed.
The sky beast is heavily wounded.
The sky beast burns!
The sky beast stops burning.
The sky beast hits you.
* * * LOW HITPOINT WARNING * * *
The sky beast shocks you.
You die...

.....#
.....###
#......#
#......#
#......#
#......#
#Y.....#
#.@ยง...#
####......
..... !...
... .. .


You could see a sky beast.

Vanquished Creatures
  An ogre (D:4)
  A jelly (D:5)
  2 giant frog skeletons (D:5)
  A centaur skeleton (D:6)
  A hound skeleton (D:4)
  4 gnolls (D:5)
  An adder (D:3)
  2 adder skeletons (D:3)
  2 orcs (D:4)
  2 giant cockroaches (D:3)
  A hobgoblin (D:3)
  3 jackals (D:3)
  A giant newt (D:2)
  2 goblins
  2 kobolds
  A rat (D:1)
27 creatures vanquished.

Notes
Turn   | Place    | Note
--------------------------------------------------------------
     0 | D:1      | 4thArraOfDagon the Deep Elf Fire Elementalist began the quest for the Orb.
     0 | D:1      | Reached XP level 1. HP: 10/10 MP: 6/6
   169 | D:3      | Reached XP level 2. HP: 15/15 MP: 2/8
   280 | D:3      | Reached XP level 3. HP: 13/19 MP: 2/9
   349 | D:4      | Noticed M4edhros's ghost (amateur OpAr)
   363 | D:4      | Noticed an ogre
   370 | D:4      | Killed an ogre
   370 | D:4      | Reached skill level 4 in Fire Magic
   370 | D:4      | Reached XP level 4. HP: 20/24 MP: 3/11
   389 | D:4      | Learned a level 4 spell: Sticky Flame
   393 | D:4      | Learned a level 3 spell: Conjure Flame
   407 | D:5      | Entered Level 5 of the Dungeon
   458 | D:5      | Found Ysoll's Armour Shop.
   463 | D:5      | Reached XP level 5. HP: 19/28 MP: 7/12
   510 | D:5      | Reached skill level 5 in Fire Magic
   605 | D:4      | Noticed an ogre
   734 | D:6      | Noticed a sky beast
   738 | D:6      | Reached XP level 6. HP: 11/32 MP: 2/14
   740 | D:6      | Slain by a sky beast

Vault maps used:
D:1:      minmay_arrival_arboretum_small
D:2:      minmay_unequal
D:3:      serial_undead, serial_undead_c, serial_undead_e, serial_undead_c,
          serial_undead_f, serial_undead_a, serial_undead_e,
          uniq_crazy_yiuf_cottage
D:4:      serial_glass, glass_columns_b, glass_columns_a, glass_columns_c,
          glass_columns_b, glass_columns_b, glass_columns_a, glass_columns_b,
          glass_columns_b, glass_columns_a, glass_columns_a, glass_columns_b,
          glass_columns_a, glass_columns_a, glass_columns_b
D:5:      first_bread, serial_shops, shop, grunt_ministairs_15
D:6:      yredelemnul_forgotten_temple_becter, gup_ossuary_entry_pyramid

Action                   |  1- 3 |  4- 6 || total
-------------------------+-------+-------++-------
Melee: Dagger            |     7 |       ||     7
       Spear             |       |    11 ||    11
 Cast: Flame Tongue      |    34 |    25 ||    59
       Conjure Flame     |       |     3 ||     3
       Sticky Flame      |       |     1 ||     1
Evoke: Wand              |     1 |       ||     1
  Use: Potion            |     2 |     1 ||     3
       Scroll            |     3 |       ||     3
